Hurricanes vs MapleLeafs

Created - October 27, 2015 at 18:30

Goals
1 2 3 T
Hurricanes 1 1 0 2
MapleLeafs 1 1 2 4
Shots
1 2 3 T
Hurricanes 11 9 11 31
MapleLeafs 8 14 11 33

1st period

1. Hurricanes , Alex Chiasson 1 (Keith Yandle) at 10:26
2. MapleLeafs , Nick Leddy 4 (Vladimir Tarasenko) at 19:54 (PP)

Penalties :
Brad Richardson (CAR) for Holding (Minor) at 2:42, Michael Frolik (CAR) for Tripping (Minor) at 7:53, Michael Grabner (TOR) for High sticking (Double Minor) at 11:18, Ben Lovejoy (CAR) for Roughing (Minor) at 19:31

2nd period

3. MapleLeafs , Brock Nelson 4 (Michael Grabner, Nikita Nikitin) at 5:40
4. Hurricanes , James Neal 3 (Scott Gomez, Ben Lovejoy) at 7:05

Penalties :
Milan Lucic (TOR) for Tripping (Minor) at 6:01, Dustin Byfuglien (CAR) for High sticking (Minor) at 6:01, Michael Grabner (TOR) for Slashing (Minor) at 8:22, Brian Strait (CAR) for Interference (Minor) at 8:22

3rd period

5. MapleLeafs , Evander Kane 5 (David Clarkson, Michael Del Zotto) at 16:29
6. MapleLeafs , Evander Kane 6 (Nick Leddy, Vladimir Tarasenko) at 19:40 (Empty Net)

Penalties :
Nick Foligno (CAR) for Tripping (Minor) at 10:02

Goalie Stats

Sergei Bobrovsky (CAR), 29 saves from 32 shots - (0.906), L, 2-7-0, 59:26 minutes
Petr Mrazek (TOR), 29 saves from 31 shots - (0.935), W, 3-3-0, 60:00 minutes

Players Stats for Hurricanes

Player Name              G  A  P  +/- PIM S  H  SB GA TA FO     MP     PP MP  PK MP  
------------------------------------------------------------------------------------
Alex Chiasson            1  0  1   1  0   2  0  0  0  0  0/0     9:16   0:00   0:00 
Alexander Killorn        0  0  0   0  0   0  0  0  0  0  3/9     4:30   0:00   0:00 
Ben Lovejoy              0  1  1   1  2   1  3  1  0  0  0/0    22:12   1:47   1:36 
Brad Richardson          0  0  0  -1  2   0  5  0  0  0  2/2    16:14   1:47   0:00 
Brian Strait             0  0  0   1  2   1  1  0  0  0  0/0    11:28   0:00   0:18 
Brooks Orpik             0  0  0  -3  0   1  0  1  0  0  0/0    26:19   2:12   4:27 
Bryan Little             0  0  0  -2  0   3  1  3  0  0  18/31  22:13   2:12   0:00 
Cody McCormick           0  0  0   0  0   0  1  0  0  0  0/0     4:48   0:00   0:18 
Dustin Byfuglien         0  0  0  -3  2   1  0  1  0  0  0/0    24:43   1:47   4:44 
James Neal               1  0  1  -1  0   2  1  0  0  0  4/6    24:00   2:12   3:05 
James Wisniewski         0  0  0   1  0   0  2  2  0  0  0/0    21:02   0:00   1:35 
Keith Yandle             0  1  1   1  0   1  0  0  0  0  0/0    14:13   2:12   0:00 
Leo Komarov              0  0  0   1  0   3  1  0  0  0  8/13    9:16   0:00   0:00 
Michael Frolik           0  0  0  -1  2   1  0  0  0  0  1/2    16:58   1:47   0:44 
Nick Foligno             0  0  0  -2  2   6  2  0  0  0  2/2    22:12   2:12   0:00 
Patrick Maroon           0  0  0   1  0   7  0  0  0  0  2/2    11:59   0:00   2:31 
Scott Gomez              0  1  1   0  0   1  0  0  0  0  9/22   19:54   1:47   2:13 
Shawn Matthias           0  0  0   0  0   1  0  0  0  0  0/0     8:19   0:00   3:49 

Players Stats for MapleLeafs

Player Name              G  A  P  +/- PIM S  H  SB GA TA FO     MP     PP MP  PK MP  
------------------------------------------------------------------------------------
Antoine Roussel          0  0  0   0  0   2  1  0  0  0  2/5     5:58   0:56   0:26 
Brock Nelson             1  0  1   1  0   4  0  0  0  0  11/26  19:40   2:13   0:11 
David Clarkson           0  1  1   2  0   2  2  0  0  0  0/1    14:05   0:00   0:00 
Devante Smith-Pelly      0  0  0  -2  0   3  1  0  0  0  0/0    15:46   3:11   0:00 
Eric Gelinas             0  0  0   0  0   0  1  0  0  0  0/0    12:33   0:00   0:00 
Evander Kane             2  0  2   2  0   5  2  0  0  0  1/2    22:29   4:07   2:20 
Gregory Campbell         0  0  0  -1  0   1  0  0  0  0  8/15   13:29   0:00   1:46 
Jamie Oleksiak           0  0  0  -1  0   2  3  2  0  0  0/0    21:54   3:06   2:04 
Jay Bouwmeester          0  0  0  -1  0   1  0  0  0  0  0/0    21:54   3:06   2:04 
Jiri Sekac               0  0  0   0  0   0  0  0  0  0  0/0     4:36   0:00   0:00 
Matt Martin              0  0  0  -2  0   2  0  0  0  0  2/2    14:12   0:00   0:00 
Michael Del Zotto        0  1  1   2  0   2  2  4  0  0  0/0    25:33   3:14   1:55 
Michael Grabner          0  1  1   1  6   4  1  1  0  0  2/4    17:30   2:13   0:00 
Milan Lucic              0  0  0   1  2   1  1  0  0  0  1/2    20:08   2:13   1:28 
Nick Holden              0  0  0   0  0   0  2  0  0  0  0/0     2:39   0:00   0:00 
Nick Leddy               1  1  2   2  0   1  0  4  0  0  0/0    22:54   3:14   1:55 
Nikita Nikitin           0  1  1   0  0   0  2  0  0  0  0/0    12:33   0:00   0:00 
Vladimir Tarasenko       0  2  2   2  0   3  0  0  0  0  13/32  24:07   4:07   1:47 

3 Stars

1 - Evander Kane (TOR)
2 - Nick Leddy (TOR)
3 - Vladimir Tarasenko (TOR)

Power Play

Hurricanes - 0 on 2 Attempt(s) - 0.00%
MapleLeafs - 1 on 4 Attempt(s) - 25.00%

Penalty Kill

Hurricanes - 3 on 4 Attempt(s) - 75.00% - Score 0 goal in Penalty Kill
MapleLeafs - 2 on 2 Attempt(s) - 100.00% - Score 0 goal in Penalty Kill

Team Stat

Hurricanes - Hits : 17 - Faceoff Wins : 49 - Blocked Shots : 8 - Penalty Minutes : 12
MapleLeafs - Hits : 18 - Faceoff Wins : 40 - Blocked Shots : 11 - Penalty Minutes : 8

Official

Referees : Gord Dwyer and Wes McCauley
Linesman : Jean Morin and Bryan Pancich

Game Notes

Evander Kane has scored in a empty net!

Finance

Level 1 -- Attendance: 6202 (95.42%) -- Ticket Income $651,210
Level 2 -- Attendance: 4866 (97.32%) -- Ticket Income $389,280
Level 3 -- Attendance: 2483 (70.94%) -- Ticket Income $161,395
Level 4 -- Attendance: 1862 (66.05%) -- Ticket Income $102,410
Luxury Box -- Attendance: 952 (95.20%) -- Ticket Income $195,160
Game was played at the Air Canada Center.
Total Attendance: 16365 (86.96%)
Total Ticket Income: $1,499,455
Other Income: $224,918
Total Income: $1,724,373

% Time on Ice - Hurricanes

Lines # - Real PCT - Wanted PCT - Time Play
Normal Forward
1 - 37% - 40% - 16:49
2 - 32% - 30% - 14:28
3 - 21% - 20% - 9:16
4 - 10% - 10% - 4:30
Normal Defense
1 - 37% - 40% - 16:39
2 - 38% - 30% - 16:54
3 - 24% - 20% - 10:53
4 - 1% - 10% - 0:37
PP Forward
1 - 55% - 60% - 2:12
2 - 45% - 40% - 1:47
PP Defense
1 - 55% - 60% - 2:12
2 - 45% - 40% - 1:47
PK Forward
1 - 74% - 60% - 4:41
2 - 26% - 40% - 1:39
PK Defense
1 - 70% - 60% - 4:27
2 - 30% - 40% - 1:53
PK3 Forward
1 - 0% - 60%
2 - 0% - 40%
PK3 Defense
1 - 0% - 60%
2 - 0% - 40%
44 Forward
1 - 69% - 60% - 2:44
2 - 31% - 40% - 1:14
44 Defense
1 - 51% - 60% - 2:02
2 - 49% - 40% - 1:56
Last Minute Offensive  - 0:40
Last Minute Defensive  - 0:00
Total
Forward - 60:00
Defense - 60:00

% Time on Ice - MapleLeafs

Lines # - Real PCT - Wanted PCT - Time Play
Normal Forward
1 - 30% - 32% - 13:43
2 - 34% - 30% - 15:19
3 - 26% - 23% - 11:43
4 - 10% - 15% - 4:36
Normal Defense
1 - 34% - 35% - 15:26
2 - 32% - 32% - 14:43
3 - 28% - 25% - 12:33
4 - 6% - 8% - 2:39
PP Forward
1 - 65% - 60% - 4:07
2 - 35% - 40% - 2:13
PP Defense
1 - 51% - 60% - 3:14
2 - 49% - 40% - 3:06
PK Forward
1 - 63% - 60% - 2:31
2 - 37% - 40% - 1:28
PK Defense
1 - 48% - 60% - 1:55
2 - 52% - 40% - 2:04
PK3 Forward
1 - 0% - 60%
2 - 0% - 40%
PK3 Defense
1 - 0% - 60%
2 - 0% - 40%
44 Forward
1 - 49% - 60% - 1:57
2 - 51% - 40% - 2:01
44 Defense
1 - 49% - 60% - 1:57
2 - 51% - 40% - 2:01
Last Minute Offensive  - 0:00
Last Minute Defensive  - 0:22
Total
Forward - 60:00
Defense - 60:00

Play by Play

1st period


0:01 of 1st period - Bryan Little wins face-off versus Vladimir Tarasenko in neutral zone.
0:01 of 1st period - Dustin Byfuglien is hit by Evander Kane.
0:03 of 1st period - Shot by Nick Foligno.
0:03 of 1st period - Shot Misses the Net.
0:05 of 1st period - Shot by Dustin Byfuglien.
0:05 of 1st period - Shot Misses the Net.
0:07 of 1st period - Shot by Dustin Byfuglien.
0:07 of 1st period - Shot Blocked by Nick Leddy.
0:09 of 1st period - Shot by Nick Foligno.
0:09 of 1st period - Deflect By James Neal.
0:09 of 1st period - Shot Misses the Net.
0:11 of 1st period - Shot by Dustin Byfuglien.
0:11 of 1st period - Deflect By Nick Foligno.
0:11 of 1st period - Shot Misses the Net.
0:19 of 1st period - Shot by Bryan Little.
0:19 of 1st period - Deflect By Nick Foligno.
0:19 of 1st period - Shot Misses the Net.
0:21 of 1st period - Shot by Nick Foligno.
0:21 of 1st period - Shot Misses the Net.
0:23 of 1st period - Shot by Bryan Little.
0:23 of 1st period - Stopped by Petr Mrazek with a rebound.
0:27 of 1st period - Shot by Bryan Little.
0:27 of 1st period - Shot Blocked by Michael Del Zotto.
0:29 of 1st period - Shot by Dustin Byfuglien.
0:29 of 1st period - Shot Hit the Post.
0:31 of 1st period - Shot by Bryan Little.
0:31 of 1st period - Shot Blocked by Michael Del Zotto.
0:33 of 1st period - Shot by Dustin Byfuglien.
0:33 of 1st period - Stopped by Petr Mrazek without a rebound.
0:34 of 1st period - Milan Lucic wins face-off versus Scott Gomez in MapleLeafs zone.
0:57 of 1st period - Shot by Michael Grabner.
0:57 of 1st period - Stopped by Sergei Bobrovsky without a rebound.
0:58 of 1st period - Gregory Campbell wins face-off versus Leo Komarov in Hurricanes zone.
1:14 of 1st period - Icing by Brian Strait.
1:15 of 1st period - Leo Komarov wins face-off versus Antoine Roussel in Hurricanes zone.
1:22 of 1st period - Shot by Patrick Maroon.
1:22 of 1st period - Deflect By Leo Komarov.
1:22 of 1st period - Stopped by Petr Mrazek without a rebound.
1:23 of 1st period - Antoine Roussel wins face-off versus Alexander Killorn in MapleLeafs zone.
1:35 of 1st period - Icing by Brooks Orpik.
1:36 of 1st period - Gregory Campbell wins face-off versus Alexander Killorn in Hurricanes zone.
1:37 of 1st period - Shot by Jay Bouwmeester.
1:37 of 1st period - Shot Misses the Net.
1:51 of 1st period - Shot by Shawn Matthias.
1:51 of 1st period - Stopped by Petr Mrazek without a rebound.
1:52 of 1st period - Bryan Little wins face-off versus Brock Nelson in MapleLeafs zone.
2:42 of 1st period - Minor Penalty to Brad Richardson for Holding.
2:43 of 1st period - James Neal wins face-off versus Vladimir Tarasenko in Hurricanes zone.
3:13 of 1st period - Shot by Evander Kane.
3:13 of 1st period - Stopped by Sergei Bobrovsky without a rebound.
3:14 of 1st period - Scott Gomez wins face-off versus Milan Lucic in Hurricanes zone.
4:13 of 1st period - Shot by Jay Bouwmeester.
4:13 of 1st period - Shot Hit the Post.
4:59 of 1st period - Shot by Jiri Sekac.
4:59 of 1st period - Shot Misses the Net.
5:01 of 1st period - Shot by Antoine Roussel.
5:01 of 1st period - Shot Hit the Post.
5:14 of 1st period - Vladimir Tarasenko is hit by Ben Lovejoy and loses puck.
5:33 of 1st period - Nick Holden is hit by Brad Richardson and loses puck.
6:05 of 1st period - Devante Smith-Pelly is hit by Bryan Little and loses puck.
6:53 of 1st period - Shot by Patrick Maroon.
6:53 of 1st period - Stopped by Petr Mrazek without a rebound.
6:54 of 1st period - Alexander Killorn wins face-off versus Brock Nelson in MapleLeafs zone.
7:53 of 1st period - Minor Penalty to Michael Frolik for Tripping.
7:54 of 1st period - Patrick Maroon wins face-off versus Vladimir Tarasenko in Hurricanes zone.
8:59 of 1st period - Shot by Michael Grabner.
8:59 of 1st period - Stopped by Sergei Bobrovsky without a rebound.
9:00 of 1st period - Brock Nelson wins face-off versus James Neal in Hurricanes zone.
9:20 of 1st period - Brooks Orpik is hit by Michael Del Zotto and loses puck.
10:26 of 1st period - Shot by Alex Chiasson.
10:26 of 1st period - Goal by Alex Chiasson - Hurricanes : 1 - MapleLeafs : 0.
10:27 of 1st period - Scott Gomez wins face-off versus Antoine Roussel in neutral zone.
11:10 of 1st period - Icing by Ben Lovejoy.
11:11 of 1st period - Michael Frolik wins face-off versus Brock Nelson in Hurricanes zone.
11:11 of 1st period - Michael Frolik is hit by Milan Lucic.
11:18 of 1st period - Double Minor Penalty to Michael Grabner for High sticking.
11:19 of 1st period - Bryan Little wins face-off versus Vladimir Tarasenko in MapleLeafs zone.
11:22 of 1st period - Shot by James Neal.
11:22 of 1st period - Shot Blocked by Jamie Oleksiak.
11:26 of 1st period - Shot by Nick Foligno.
11:26 of 1st period - Stopped by Petr Mrazek without a rebound.
11:27 of 1st period - Vladimir Tarasenko wins face-off versus Bryan Little in MapleLeafs zone.
11:27 of 1st period - Vladimir Tarasenko is hit by Nick Foligno.
11:56 of 1st period - Icing by Brooks Orpik.
11:57 of 1st period - Bryan Little wins face-off versus Vladimir Tarasenko in Hurricanes zone.
12:44 of 1st period - Off-side.
12:45 of 1st period - Gregory Campbell wins face-off versus Scott Gomez in neutral zone.
12:45 of 1st period - Gregory Campbell is hit by Brad Richardson.
13:03 of 1st period - Shot by Ben Lovejoy.
13:03 of 1st period - Shot Hit the Post.
13:05 of 1st period - Shot by Dustin Byfuglien.
13:05 of 1st period - Shot Blocked by Nick Leddy.
13:59 of 1st period - Shot by Milan Lucic.
13:59 of 1st period - Shot Misses the Net.
14:16 of 1st period - Icing by Michael Frolik.
14:17 of 1st period - Vladimir Tarasenko wins face-off versus Michael Frolik in Hurricanes zone.
14:54 of 1st period - Off-side.
14:55 of 1st period - Bryan Little wins face-off versus Vladimir Tarasenko in neutral zone.
16:16 of 1st period - Shot by Matt Martin.
16:16 of 1st period - Deflect By Devante Smith-Pelly.
16:16 of 1st period - Stopped by Sergei Bobrovsky without a rebound.
16:17 of 1st period - Vladimir Tarasenko wins face-off versus Bryan Little in Hurricanes zone.
16:24 of 1st period - Shot by Bryan Little.
16:24 of 1st period - Stopped by Petr Mrazek without a rebound.
16:25 of 1st period - Bryan Little wins face-off versus Vladimir Tarasenko in MapleLeafs zone.
16:25 of 1st period - Nick Foligno is hit by Jamie Oleksiak and loses puck.
16:30 of 1st period - Shot by Dustin Byfuglien.
16:30 of 1st period - Shot Misses the Net.
16:32 of 1st period - Shot by James Neal.
16:32 of 1st period - Shot Misses the Net.
16:34 of 1st period - Shot by Nick Foligno.
16:34 of 1st period - Deflect By Bryan Little.
16:34 of 1st period - Stopped by Petr Mrazek without a rebound.
16:35 of 1st period - Bryan Little wins face-off versus David Clarkson in MapleLeafs zone.
16:35 of 1st period - Bryan Little is hit by Michael Del Zotto.
16:39 of 1st period - Shot by Nick Foligno.
16:39 of 1st period - Stopped by Petr Mrazek without a rebound.
16:40 of 1st period - Vladimir Tarasenko wins face-off versus Bryan Little in MapleLeafs zone.
16:57 of 1st period - Shot by Evander Kane.
16:57 of 1st period - Stopped by Sergei Bobrovsky without a rebound.
16:58 of 1st period - Scott Gomez wins face-off versus Brock Nelson in Hurricanes zone.
17:13 of 1st period - Shot by Milan Lucic.
17:13 of 1st period - Deflect By Brock Nelson.
17:13 of 1st period - Stopped by Sergei Bobrovsky with a rebound.
17:39 of 1st period - Shot by Brock Nelson.
17:39 of 1st period - Shot Misses the Net.
17:41 of 1st period - Shot by Michael Del Zotto.
17:41 of 1st period - Stopped by Sergei Bobrovsky without a rebound.
17:42 of 1st period - Vladimir Tarasenko wins face-off versus Bryan Little in Hurricanes zone.
18:57 of 1st period - Off-side.
18:58 of 1st period - Brock Nelson wins face-off versus Scott Gomez in neutral zone.
19:12 of 1st period - Shot by Michael Frolik.
19:12 of 1st period - Stopped by Petr Mrazek without a rebound.
19:13 of 1st period - Leo Komarov wins face-off versus Antoine Roussel in MapleLeafs zone.
19:17 of 1st period - Icing by Nick Leddy.
19:18 of 1st period - Antoine Roussel wins face-off versus Scott Gomez in MapleLeafs zone.
19:18 of 1st period - Antoine Roussel is hit by Brad Richardson.
19:31 of 1st period - Minor Penalty to Ben Lovejoy for Roughing.
19:32 of 1st period - James Neal wins face-off versus Brock Nelson in Hurricanes zone.
19:36 of 1st period - Off-side.
19:37 of 1st period - James Neal wins face-off versus Vladimir Tarasenko in neutral zone.
19:54 of 1st period - Shot by Nick Leddy.
19:54 of 1st period - Goal by Nick Leddy - Hurricanes : 1 - MapleLeafs : 1.
19:55 of 1st period - Brad Richardson wins face-off versus Brock Nelson in neutral zone.
Goals for this period are 1 for Hurricanes vs 1 for MapleLeafs.
Shots for this period are 11 for Hurricanes vs 8 for MapleLeafs.

2nd period


0:01 of 2nd period - Vladimir Tarasenko wins face-off versus Bryan Little in neutral zone.
0:01 of 2nd period - Vladimir Tarasenko is hit by Nick Foligno.
0:04 of 2nd period - Evander Kane is hit by James Neal and loses puck.
0:43 of 2nd period - Shot by Bryan Little.
0:43 of 2nd period - Shot Blocked by Jamie Oleksiak.
0:45 of 2nd period - Shot by Brooks Orpik.
0:45 of 2nd period - Stopped by Petr Mrazek without a rebound.
0:46 of 2nd period - Brock Nelson wins face-off versus Scott Gomez in MapleLeafs zone.
2:05 of 2nd period - Shot by Gregory Campbell.
2:05 of 2nd period - Stopped by Sergei Bobrovsky with a rebound.
2:07 of 2nd period - Shot by Matt Martin.
2:07 of 2nd period - Stopped by Sergei Bobrovsky without a rebound.
2:08 of 2nd period - Vladimir Tarasenko wins face-off versus Bryan Little in Hurricanes zone.
2:23 of 2nd period - Shot by David Clarkson.
2:23 of 2nd period - Stopped by Sergei Bobrovsky with a rebound.
2:58 of 2nd period - Icing by Bryan Little.
2:59 of 2nd period - Bryan Little wins face-off versus Gregory Campbell in Hurricanes zone.
4:21 of 2nd period - Icing by Alex Chiasson.
4:22 of 2nd period - Leo Komarov wins face-off versus Vladimir Tarasenko in Hurricanes zone.
4:57 of 2nd period - Shot by Nick Foligno.
4:57 of 2nd period - Stopped by Petr Mrazek without a rebound.
4:58 of 2nd period - Matt Martin wins face-off versus Scott Gomez in MapleLeafs zone.
4:58 of 2nd period - Matt Martin is hit by Brad Richardson.
5:28 of 2nd period - Shot by Matt Martin.
5:28 of 2nd period - Stopped by Sergei Bobrovsky without a rebound.
5:29 of 2nd period - Bryan Little wins face-off versus Brock Nelson in Hurricanes zone.
5:40 of 2nd period - Shot by Brock Nelson.
5:40 of 2nd period - Goal by Brock Nelson - Hurricanes : 1 - MapleLeafs : 2.
5:41 of 2nd period - Vladimir Tarasenko wins face-off versus Alexander Killorn in neutral zone.
5:46 of 2nd period - Shot by Vladimir Tarasenko.
5:46 of 2nd period - Stopped by Sergei Bobrovsky without a rebound.
5:47 of 2nd period - Vladimir Tarasenko wins face-off versus Bryan Little in Hurricanes zone.
5:58 of 2nd period - Shot by Jamie Oleksiak.
5:58 of 2nd period - Stopped by Sergei Bobrovsky without a rebound.
5:59 of 2nd period - Brock Nelson wins face-off versus Scott Gomez in Hurricanes zone.
6:01 of 2nd period - Minor Penalty to Milan Lucic for Tripping.
6:01 of 2nd period - Minor Penalty to Dustin Byfuglien for High sticking.
6:02 of 2nd period - Nick Foligno wins face-off versus Brock Nelson in Hurricanes zone.
6:13 of 2nd period - Shot by Bryan Little.
6:13 of 2nd period - Deflect By Nick Foligno.
6:13 of 2nd period - Shot Misses the Net.
6:15 of 2nd period - Shot by Nick Foligno.
6:15 of 2nd period - Shot Blocked by Michael Del Zotto.
6:17 of 2nd period - Shot by Brooks Orpik.
6:17 of 2nd period - Deflect By Nick Foligno.
6:17 of 2nd period - Shot Blocked by Michael Del Zotto.
6:19 of 2nd period - Shot by Brooks Orpik.
6:19 of 2nd period - Shot Misses the Net.
6:23 of 2nd period - Shot by Nick Foligno.
6:23 of 2nd period - Shot Misses the Net.
6:25 of 2nd period - Shot by Nick Foligno.
6:25 of 2nd period - Deflect By Bryan Little.
6:25 of 2nd period - Shot Misses the Net.
7:05 of 2nd period - Shot by James Neal.
7:05 of 2nd period - Goal by James Neal - Hurricanes : 2 - MapleLeafs : 2.
7:06 of 2nd period - Matt Martin wins face-off versus Bryan Little in neutral zone.
7:35 of 2nd period - Shot by Devante Smith-Pelly.
7:35 of 2nd period - Deflect By Matt Martin.
7:35 of 2nd period - Shot Blocked by Bryan Little.
7:43 of 2nd period - Shot by Devante Smith-Pelly.
7:43 of 2nd period - Shot Blocked by James Wisniewski.
7:54 of 2nd period - Icing by James Wisniewski.
7:55 of 2nd period - Bryan Little wins face-off versus Brock Nelson in Hurricanes zone.
8:01 of 2nd period - Nick Foligno is hit by Eric Gelinas and loses puck.
8:12 of 2nd period - Shot by Vladimir Tarasenko.
8:12 of 2nd period - Stopped by Sergei Bobrovsky with a rebound.
8:14 of 2nd period - Shot by Vladimir Tarasenko.
8:14 of 2nd period - Shot Misses the Net.
8:16 of 2nd period - Shot by Vladimir Tarasenko.
8:16 of 2nd period - Shot Blocked by Dustin Byfuglien.
8:18 of 2nd period - Shot by Antoine Roussel.
8:18 of 2nd period - Stopped by Sergei Bobrovsky without a rebound.
8:19 of 2nd period - Brock Nelson wins face-off versus Leo Komarov in Hurricanes zone.
8:19 of 2nd period - Brock Nelson is hit by Brian Strait.
8:22 of 2nd period - Minor Penalty to Michael Grabner for Slashing.
8:22 of 2nd period - Minor Penalty to Brian Strait for Interference.
8:23 of 2nd period - Evander Kane wins face-off versus Scott Gomez in Hurricanes zone.
8:52 of 2nd period - Shot by Scott Gomez.
8:52 of 2nd period - Shot Blocked by Nick Leddy.
10:29 of 2nd period - Alexander Killorn is hit by Nikita Nikitin and loses puck.
10:44 of 2nd period - Shot by Vladimir Tarasenko.
10:44 of 2nd period - Shot Misses the Net.
10:46 of 2nd period - Shot by Antoine Roussel.
10:46 of 2nd period - Shot Misses the Net.
11:15 of 2nd period - Shot by Patrick Maroon.
11:15 of 2nd period - Shot Misses the Net.
11:17 of 2nd period - Shot by Leo Komarov.
11:17 of 2nd period - Shot Misses the Net.
11:19 of 2nd period - Shot by Patrick Maroon.
11:19 of 2nd period - Stopped by Petr Mrazek without a rebound.
11:20 of 2nd period - Leo Komarov wins face-off versus Brock Nelson in MapleLeafs zone.
11:49 of 2nd period - Shot by Leo Komarov.
11:49 of 2nd period - Stopped by Petr Mrazek with a rebound.
12:15 of 2nd period - Icing by Jamie Oleksiak.
12:16 of 2nd period - Bryan Little wins face-off versus Gregory Campbell in MapleLeafs zone.
12:23 of 2nd period - Shot by James Neal.
12:23 of 2nd period - Stopped by Petr Mrazek without a rebound.
12:24 of 2nd period - Vladimir Tarasenko wins face-off versus Bryan Little in MapleLeafs zone.
12:28 of 2nd period - Icing by Eric Gelinas.
12:29 of 2nd period - Bryan Little wins face-off versus Evander Kane in MapleLeafs zone.
12:35 of 2nd period - Off-side.
12:36 of 2nd period - Bryan Little wins face-off versus Vladimir Tarasenko in neutral zone.
13:58 of 2nd period - Shot by Michael Grabner.
13:58 of 2nd period - Deflect By Milan Lucic.
13:58 of 2nd period - Shot Misses the Net.
14:00 of 2nd period - Shot by Milan Lucic.
14:00 of 2nd period - Deflect By Brock Nelson.
14:00 of 2nd period - Shot Misses the Net.
14:02 of 2nd period - Shot by Brock Nelson.
14:02 of 2nd period - Stopped by Sergei Bobrovsky without a rebound.
14:03 of 2nd period - Patrick Maroon wins face-off versus Gregory Campbell in Hurricanes zone.
14:18 of 2nd period - Shot by Alex Chiasson.
14:18 of 2nd period - Stopped by Petr Mrazek without a rebound.
14:19 of 2nd period - Michael Grabner wins face-off versus Alexander Killorn in MapleLeafs zone.
14:24 of 2nd period - Shot by Brock Nelson.
14:24 of 2nd period - Shot Misses the Net.
14:38 of 2nd period - Shot by Milan Lucic.
14:38 of 2nd period - Stopped by Sergei Bobrovsky without a rebound.
14:39 of 2nd period - Nick Foligno wins face-off versus Vladimir Tarasenko in Hurricanes zone.
16:30 of 2nd period - Icing by James Wisniewski.
16:31 of 2nd period - Gregory Campbell wins face-off versus Scott Gomez in Hurricanes zone.
16:32 of 2nd period - Shot by Devante Smith-Pelly.
16:32 of 2nd period - Shot Misses the Net.
16:45 of 2nd period - Icing by Ben Lovejoy.
16:46 of 2nd period - Brock Nelson wins face-off versus Scott Gomez in Hurricanes zone.
16:46 of 2nd period - Brock Nelson is hit by James Wisniewski.
16:49 of 2nd period - Milan Lucic is hit by Ben Lovejoy and loses puck.
16:59 of 2nd period - Icing by Ben Lovejoy.
17:00 of 2nd period - Scott Gomez wins face-off versus Gregory Campbell in Hurricanes zone.
17:21 of 2nd period - Shot by Devante Smith-Pelly.
17:21 of 2nd period - Stopped by Sergei Bobrovsky with a rebound.
17:37 of 2nd period - Shot by Nick Foligno.
17:37 of 2nd period - Stopped by Petr Mrazek without a rebound.
17:38 of 2nd period - Leo Komarov wins face-off versus Brock Nelson in MapleLeafs zone.
18:03 of 2nd period - Shot by Michael Grabner.
18:03 of 2nd period - Stopped by Sergei Bobrovsky with a rebound.
18:30 of 2nd period - Icing by Eric Gelinas.
18:31 of 2nd period - Brock Nelson wins face-off versus Bryan Little in MapleLeafs zone.
19:02 of 2nd period - Icing by Brooks Orpik.
19:03 of 2nd period - Bryan Little wins face-off versus Vladimir Tarasenko in Hurricanes zone.
19:03 of 2nd period - Nick Foligno is hit by Evander Kane and loses puck.
19:24 of 2nd period - Shot by Evander Kane.
19:24 of 2nd period - Stopped by Sergei Bobrovsky without a rebound.
19:25 of 2nd period - Scott Gomez wins face-off versus Gregory Campbell in Hurricanes zone.
19:38 of 2nd period - Shot by Ben Lovejoy.
19:38 of 2nd period - Stopped by Petr Mrazek with a rebound.
19:40 of 2nd period - Shot by Ben Lovejoy.
19:40 of 2nd period - Shot Misses the Net.
19:48 of 2nd period - Shot by Scott Gomez.
19:48 of 2nd period - Shot Misses the Net.
19:50 of 2nd period - Shot by Brad Richardson.
19:50 of 2nd period - Shot Blocked by Nick Leddy.
Goals for this period are 1 for Hurricanes vs 1 for MapleLeafs.
Shots for this period are 9 for Hurricanes vs 14 for MapleLeafs.

3rd period


0:01 of 3rd period - Bryan Little wins face-off versus Vladimir Tarasenko in neutral zone.
0:20 of 3rd period - Off-side.
0:21 of 3rd period - Gregory Campbell wins face-off versus Scott Gomez in neutral zone.
0:36 of 3rd period - Shot by Scott Gomez.
0:36 of 3rd period - Shot Misses the Net.
1:54 of 3rd period - Shot by Vladimir Tarasenko.
1:54 of 3rd period - Shot Blocked by Bryan Little.
2:12 of 3rd period - Shot by James Neal.
2:12 of 3rd period - Shot Blocked by Michael Grabner.
2:40 of 3rd period - Shot by Brian Strait.
2:40 of 3rd period - Stopped by Petr Mrazek with a rebound.
3:06 of 3rd period - Shot by Antoine Roussel.
3:06 of 3rd period - Stopped by Sergei Bobrovsky without a rebound.
3:07 of 3rd period - Alexander Killorn wins face-off versus Gregory Campbell in Hurricanes zone.
4:13 of 3rd period - Shot by Jamie Oleksiak.
4:13 of 3rd period - Shot Misses the Net.
4:15 of 3rd period - Shot by Vladimir Tarasenko.
4:15 of 3rd period - Shot Misses the Net.
5:13 of 3rd period - Michael Frolik is hit by Michael Grabner.
5:52 of 3rd period - Icing by Eric Gelinas.
5:53 of 3rd period - Leo Komarov wins face-off versus Brock Nelson in MapleLeafs zone.
5:53 of 3rd period - Leo Komarov is hit by Nikita Nikitin.
6:17 of 3rd period - Shot by Patrick Maroon.
6:17 of 3rd period - Stopped by Petr Mrazek without a rebound.
6:18 of 3rd period - Gregory Campbell wins face-off versus Alexander Killorn in MapleLeafs zone.
6:18 of 3rd period - Gregory Campbell is hit by Cody McCormick.
6:53 of 3rd period - Shot by Devante Smith-Pelly.
6:53 of 3rd period - Stopped by Sergei Bobrovsky without a rebound.
6:54 of 3rd period - Vladimir Tarasenko wins face-off versus Bryan Little in Hurricanes zone.
6:57 of 3rd period - Shot by Evander Kane.
6:57 of 3rd period - Shot Misses the Net.
7:17 of 3rd period - Bryan Little is hit by David Clarkson and loses puck.
7:30 of 3rd period - Shot by David Clarkson.
7:30 of 3rd period - Stopped by Sergei Bobrovsky without a rebound.
7:31 of 3rd period - Scott Gomez wins face-off versus Michael Grabner in Hurricanes zone.
7:48 of 3rd period - Icing by Michael Del Zotto.
7:49 of 3rd period - Leo Komarov wins face-off versus Brock Nelson in MapleLeafs zone.
7:50 of 3rd period - Shot by Patrick Maroon.
7:50 of 3rd period - Stopped by Petr Mrazek without a rebound.
7:51 of 3rd period - Bryan Little wins face-off versus Vladimir Tarasenko in MapleLeafs zone.
8:58 of 3rd period - Shot by Brad Richardson.
8:58 of 3rd period - Shot Misses the Net.
9:00 of 3rd period - Shot by Scott Gomez.
9:00 of 3rd period - Stopped by Petr Mrazek without a rebound.
9:01 of 3rd period - Leo Komarov wins face-off versus Brock Nelson in MapleLeafs zone.
9:02 of 3rd period - Shot by Patrick Maroon.
9:02 of 3rd period - Stopped by Petr Mrazek without a rebound.
9:03 of 3rd period - Brad Richardson wins face-off versus Michael Grabner in MapleLeafs zone.
9:09 of 3rd period - Icing by Jamie Oleksiak.
9:10 of 3rd period - Brock Nelson wins face-off versus Scott Gomez in MapleLeafs zone.
10:02 of 3rd period - Minor Penalty to Nick Foligno for Tripping.
10:03 of 3rd period - Vladimir Tarasenko wins face-off versus James Neal in Hurricanes zone.
10:29 of 3rd period - Shot by Michael Del Zotto.
10:29 of 3rd period - Stopped by Sergei Bobrovsky with a rebound.
11:16 of 3rd period - Shot by Jay Bouwmeester.
11:16 of 3rd period - Stopped by Sergei Bobrovsky with a rebound.
11:18 of 3rd period - Shot by Jamie Oleksiak.
11:18 of 3rd period - Stopped by Sergei Bobrovsky without a rebound.
11:19 of 3rd period - James Neal wins face-off versus Vladimir Tarasenko in Hurricanes zone.
12:29 of 3rd period - Shot by Nick Foligno.
12:29 of 3rd period - Stopped by Petr Mrazek without a rebound.
12:30 of 3rd period - Brock Nelson wins face-off versus Leo Komarov in MapleLeafs zone.
12:30 of 3rd period - Brock Nelson is hit by Leo Komarov.
12:47 of 3rd period - Michael Grabner is hit by James Wisniewski and loses puck.
13:10 of 3rd period - Shot by Leo Komarov.
13:10 of 3rd period - Stopped by Petr Mrazek without a rebound.
13:11 of 3rd period - Alexander Killorn wins face-off versus Vladimir Tarasenko in MapleLeafs zone.
13:11 of 3rd period - Alexander Killorn is hit by Nick Holden.
13:24 of 3rd period - Icing by Nick Holden.
13:25 of 3rd period - Scott Gomez wins face-off versus Vladimir Tarasenko in MapleLeafs zone.
13:25 of 3rd period - Scott Gomez is hit by Nick Holden.
13:56 of 3rd period - Michael Frolik is hit by David Clarkson and loses puck.
14:18 of 3rd period - Icing by Nikita Nikitin.
14:19 of 3rd period - Gregory Campbell wins face-off versus Bryan Little in MapleLeafs zone.
15:11 of 3rd period - Icing by James Wisniewski.
15:12 of 3rd period - Bryan Little wins face-off versus Brock Nelson in Hurricanes zone.
15:30 of 3rd period - Bryan Little is hit by Jamie Oleksiak and loses puck.
15:41 of 3rd period - Shot by Milan Lucic.
15:41 of 3rd period - Shot Blocked by Bryan Little.
15:49 of 3rd period - Shot by Brock Nelson.
15:49 of 3rd period - Stopped by Sergei Bobrovsky without a rebound.
15:50 of 3rd period - Scott Gomez wins face-off versus Vladimir Tarasenko in Hurricanes zone.
16:27 of 3rd period - Shot by David Clarkson.
16:27 of 3rd period - Deflect By Evander Kane.
16:27 of 3rd period - Shot Blocked by Brooks Orpik.
16:29 of 3rd period - Shot by Evander Kane.
16:29 of 3rd period - Goal by Evander Kane - Hurricanes : 2 - MapleLeafs : 3.
16:30 of 3rd period - Gregory Campbell wins face-off versus Leo Komarov in neutral zone.
16:51 of 3rd period - Shot by Patrick Maroon.
16:51 of 3rd period - Stopped by Petr Mrazek with a rebound.
16:53 of 3rd period - Shot by Alex Chiasson.
16:53 of 3rd period - Deflect By Patrick Maroon.
16:53 of 3rd period - Stopped by Petr Mrazek without a rebound.
16:54 of 3rd period - Brock Nelson wins face-off versus Alexander Killorn in MapleLeafs zone.
16:58 of 3rd period - Icing by Jamie Oleksiak.
16:59 of 3rd period - Brock Nelson wins face-off versus Scott Gomez in MapleLeafs zone.
16:59 of 3rd period - Michael Grabner is hit by Brad Richardson and loses puck.
17:30 of 3rd period - Shot by Michael Grabner.
17:30 of 3rd period - Stopped by Sergei Bobrovsky without a rebound.
17:31 of 3rd period - Bryan Little wins face-off versus Vladimir Tarasenko in Hurricanes zone.
17:31 of 3rd period - Bryan Little is hit by Antoine Roussel.
18:00 of 3rd period - Vladimir Tarasenko is hit by Ben Lovejoy and loses puck.
18:03 of 3rd period - Shot by Nick Leddy.
18:03 of 3rd period - Shot Blocked by Ben Lovejoy.
18:05 of 3rd period - Shot by Antoine Roussel.
18:05 of 3rd period - Shot Blocked by James Wisniewski.
18:07 of 3rd period - Shot by Michael Del Zotto.
18:07 of 3rd period - Shot Misses the Net.
18:11 of 3rd period - Shot by Vladimir Tarasenko.
18:11 of 3rd period - Stopped by Sergei Bobrovsky without a rebound.
18:12 of 3rd period - Scott Gomez wins face-off versus Gregory Campbell in Hurricanes zone.
18:12 of 3rd period - Scott Gomez is hit by Devante Smith-Pelly.
18:42 of 3rd period - Shot by Scott Gomez.
18:42 of 3rd period - Shot Misses the Net.
18:55 of 3rd period - Michael Frolik is hit by Jamie Oleksiak and loses puck.
19:06 of 3rd period - Hurricanes, Sergei Bobrovsky is pulled from the net.
19:14 of 3rd period - Shot by Nick Foligno.
19:14 of 3rd period - Stopped by Petr Mrazek with a rebound.
19:16 of 3rd period - Shot by Keith Yandle.
19:16 of 3rd period - Shot Misses the Net.
19:18 of 3rd period - Shot by Keith Yandle.
19:18 of 3rd period - Stopped by Petr Mrazek without a rebound.
19:19 of 3rd period - Vladimir Tarasenko wins face-off versus Bryan Little in MapleLeafs zone.
19:40 of 3rd period - Shot by Evander Kane.
19:40 of 3rd period - Goal by Evander Kane - Hurricanes : 2 - MapleLeafs : 4.
19:40 of 3rd period - Sergei Bobrovsky from Hurricanes was sent back in the game.
19:41 of 3rd period - Michael Grabner wins face-off versus Leo Komarov in neutral zone.
Goals for this period are 0 for Hurricanes vs 2 for MapleLeafs.
Shots for this period are 11 for Hurricanes vs 11 for MapleLeafs.